 Dungeon Crawl Stone Soup version 0.19-a0-1834-g6b7851e (webtiles) character file.

8476 poirepourri the Cleaver (level 11, -1/103 HPs)
             Began as a Deep Dwarf Fighter on Oct 8, 2016.
             Was a Follower of Makhleb.
             Slain by a white ugly thing (17 damage)
             ... on level 10 of the Dungeon.
             The game lasted 00:14:20 (7897 turns).

poirepourri the Cleaver (Deep Dwarf Fighter)        Turns: 7897, Time: 00:14:21

Health: -1/103     AC: 12    Str: 22    XL:     11   Next: 10%
Magic:  5/5        EV: 11    Int:  8    God:    Makhleb [*.....]
Gold:   1020       SH: 10    Dex: 14    Spells: 0 memorised, 10 levels left

rFire  + + .     SeeInvis .     k - +3 broad axe (elec)
rCold  . . .     Gourm    .     b - +0 scale mail
rNeg   . . .     Faith    .     c - +0 shield
rPois  .         Spirit   .     f - +0 helmet
rElec  .         Dismiss  .     (no cloak)
rCorr  .         Reflect  .     l - +1 pair of gloves
MR     +....     Harm     .     I - +0 pair of boots
Stlth  ..........               (no amulet)
                                q - ring of protection from fire
                                m - ring of protection from fire

@: non-regenerating
A: damage resistance, recharge devices, sense surroundings 2, slow regeneration
3
a: Device Recharging, Renounce Religion


You were on level 10 of the Dungeon.
You worshipped Makhleb.
Makhleb was aware of your devotion.
You were not hungry.

You visited 2 branches of the dungeon, and saw 11 of its levels.
You also visited: Bailey.

You collected 1428 gold pieces.
You spent 408 gold pieces at shops.

Inventory:

Hand Weapons
 k - a +3 broad axe of electrocution (weapon)
 x - a +1 hand crossbow of flaming
Armour
 b - a +0 scale mail (worn)
 c - a +0 shield (worn)
 f - a +0 helmet (worn)
 j - a +2 hat
 l - a +1 pair of gloves (worn)
 I - a +0 pair of boots (worn)
Jewellery
 i - an uncursed amulet of regeneration
 m - a ring of protection from fire (left hand)
 q - a ring of protection from fire (right hand)
 u - a cursed ring of teleportation
 B - an uncursed amulet of faith
 C - an uncursed amulet of magic regeneration
Wands
 e - a wand of heal wounds (1/9)
 o - a wand of flame (0/48)
 G - a wand of paralysis (13/24)
 H - a wand of lightning (8/15)
Scrolls
 n - a scroll of fog
 p - a scroll of amnesia
 r - a scroll of magic mapping
 s - a scroll of teleportation
 t - 2 scrolls of identify
 v - 5 scrolls of remove curse
Potions
 h - 4 potions of lignification
 w - a potion of brilliance
 D - a potion of magic
 E - 2 potions of flight
Comestibles
 a - a bread ration
 g - 4 meat rations
 z - a royal jelly


   Skills:
 + Level 7.8 Fighting
 + Level 13.8 Axes
 + Level 5.3 Armour
 + Level 5.7 Dodging
 + Level 5.1 Shields
 + Level 3.6 Evocations


You had 10 spell levels left.
You didn't know any spells.

Dungeon Overview and Level Annotations

Branches:
Dungeon (10/15)            Temple (1/1) D:5            Lair (0/6) D:10
    Orc: D:9-12

Altars:
Ashenzari
Cheibriados
Dithmenos
Elyvilon
Fedhas
Gozag
Hepliaklqana
Kikubaaqudgha
Makhleb
Nemelex Xobeh
Okawaru
Qazlal
Ru
Sif Muna
Trog
Uskayaw
Vehumet
Xom
Yredelemnul
Zin
The Shining One

Shops:
D:4 *}!   D:6 !   D:7 ?   D:10 (


Innate Abilities, Weirdness & Mutations

You are resistant to damage.
You can recharge devices by infusing magical energy.
You passively map the area around you.
You do not regenerate.


Message History

The white ugly thing is moderately wounded.
The white ugly thing pecks you but does no damage.
You barely miss the white ugly thing.
The white ugly thing is moderately wounded.
The white ugly thing closely misses you.
You barely miss the white ugly thing.
The white ugly thing is moderately wounded.
The white ugly thing pecks you but does no damage.
Evoke which item? (* to show all) (? for menu, Esc to quit)
Zapping:
e - a wand of heal wounds (2/9)
Press: ? - help, Shift-Dir - straight line, f - you You feel much better.
This wand has 1 charge left.
The white ugly thing pecks you! The white ugly thing freezes you!!
* * * LOW HITPOINT WARNING * * *
You slash the white ugly thing!
The white ugly thing is heavily wounded.
The white ugly thing pecks you!
* * * LOW HITPOINT WARNING * * *
The white ugly thing freezes you!!
You die...

, * * ####.# ##
#....... . #. .....#.#
.., #. #.##.#.# ,# * #
#.##.##.##.#.##.## ,,
.. ...,............ *
###.##(##.##....#$#.#*
*
,..........#......?.#
, ,* *
#..@u......#.#.# * * *
... ####.#.##.## , #.#
* #...##.##.# *** #.#
#......u..#,* , ###
##.### ###.####.... ,,
,..# ....#######.## .#
. **
#####.##.#.##.......#
,#
.........#.##.####..#
#....)......# #..# * *


You could see a white ugly thing.

Vanquished Creatures
  A centaur zombie (D:10)
  2 two-headed ogres (D:9)
  A hornet (D:8)
  3 yaks (D:10)
  The ghost of Avanven the Ruffian, an amateur TrCK of Xom (D:3)
  Sigmund (D:3)
  Eustachio (D:6)
  2 basilisks (D:10)
  A hungry ghost (D:8)
  Menkaure (D:6)
  Duvessa (D:4)
  A water moccasin (D:10)
  3 porcupines (D:10)
  2 phantoms (D:7)
  3 ice beasts (D:6)
  2 sky beasts (D:8)
  A black bear (D:6)
  8 centaurs
  6 ogres
  A crocodile (D:10)
  Blork the orc (D:6)
  4 bullfrogs
  8 gnoll sergeants (Bailey)
  Dowan (D:4)
  A water moccasin skeleton (D:7)
  6 scorpions
  9 killer bees (D:10)
  4 wights (D:8)
  3 crimson imps
  A howler monkey (D:7)
  7 hounds
  2 jellies
  6 gnoll shamans (Bailey)
  5 orc priests
  2 centaur skeletons
  4 iguanas
  3 bullfrog skeletons
  Ijyb (D:3)
  Natasha (thrice) (D:2)
  Terence (D:2)
  10 orc wizards
  6 worker ants
  14 gnolls (Bailey)
  11 adders
  6 river rats (D:10)
  A shadow imp (D:8)
  An ooze (D:2)
  An adder skeleton (D:8)
  2 adder zombies
  3 worms
  2 dart slugs
  4 leopard geckos
  26 orcs
  3 bats (D:1)
  3 giant cockroaches
  6 goblins
  12 hobgoblins
  10 jackals
  13 kobolds
  6 quokkas
  5 ball pythons
  9 frilled lizards
  2 jackal skeletons
  7 rats
277 creatures vanquished.

Vanquished Creatures (others)
  An orc (D:8)
  A fungus (D:10)
2 creatures vanquished.

Grand Total: 279 creatures vanquished

Notes
Turn   | Place    | Note
-------+----------+-------------------------------------------
     0 | D:1      | poirepourri the Deep Dwarf Fighter began the quest for the Orb.
     0 | D:1      | Reached XP level 1. HP: 20/20 MP: 1/1
   138 | D:1      | Reached XP level 2. HP: 17/28 MP: 2/2
   445 | D:1      | Reached skill level 3 in Axes
   512 | D:1      | Reached XP level 3. HP: 31/34 MP: 3/3
   770 | D:2      | Reached skill level 1 in Dodging
   903 | D:2      | Noticed Natasha
   903 | D:2      | Noticed Terence
   908 | D:2      | Killed Natasha
   908 | D:2      | Reached XP level 4. HP: 25/42 MP: 4/4
   910 | D:2      | Reached skill level 4 in Axes
   916 | D:2      | Killed Terence
  1349 | D:2      | Noticed Natasha
  1362 | D:2      | Killed Natasha
  1362 | D:2      | Reached XP level 5. HP: 15/49 MP: 5/5
  1372 | D:2      | Noticed Natasha
  1379 | D:2      | Killed Natasha
  1477 | D:3      | Reached skill level 5 in Axes
  1486 | D:3      | Noticed Ijyb
  1498 | D:3      | Killed Ijyb
  1509 | D:3      | Found a sacrificial altar of Ru.
  1509 | D:3      | Noticed Sigmund
  1528 | D:3      | Killed Sigmund
  1528 | D:3      | Reached skill level 6 in Axes
  1528 | D:3      | Reached XP level 6. HP: 45/57 MP: 6/6
  1953 | D:3      | Noticed Avanven's ghost (amateur TrCK)
  1978 | D:3      | Killed Avanven's ghost
  1978 | D:3      | Reached XP level 7. HP: 33/66 MP: 7/7
  2240 | D:3      | Reached skill level 7 in Axes
  2275 | D:3      | Found a bloodstained altar of Trog.
  2279 | D:3      | Found a shattered altar of Ashenzari.
  2544 | D:3      | Found a basalt altar of Yredelemnul.
  2663 | D:4      | Found Faliol's Gadget Boutique.
  2701 | D:4      | Noticed Dowan
  2714 | D:4      | Noticed Duvessa
  2716 | D:4      | Killed Dowan
  2736 | D:4      | Killed Duvessa
  2795 | D:4      | Reached skill level 8 in Axes
  3025 | D:4      | Reached skill level 1 in Evocations
  3026 | D:4      | Reached XP level 8. HP: 58/73 MP: 7/7
  3026 | D:4      | Reached skill level 5 in Fighting
  3150 | D:4      | Found Fipeofo's Assorted Antiques.
  3156 | D:4      | Bought a pink potion for 21 gold pieces
  3156 | D:4      | Bought a golden potion for 21 gold pieces
  3156 | D:4      | Bought a scroll of identify for 48 gold pieces
  3525 | D:4      | Found Hiufrohe's Distillery.
  3532 | D:4      | Bought a potion of might for 44 gold pieces
  3780 | D:5      | Entered Level 5 of the Dungeon
  3785 | D:5      | Found a sacrificial altar of Ru.
  3847 | D:5      | Reached skill level 9 in Axes
  3860 | D:5      | Found an iron altar of Okawaru.
  4101 | D:5      | Found a staircase to the Ecumenical Temple.
  4143 | Temple   | Entered the Ecumenical Temple
  4326 | D:5      | Reached skill level 10 in Axes
  4731 | D:6      | Found a hide-covered altar of Uskayaw.
  4757 | D:6      | Gained mutation: You passively map the area around you. [Deep Dwarf growth]
  4757 | D:6      | Reached XP level 9. HP: 53/82 MP: 8/8
  4759 | D:6      | Found Ziruenut's Distillery.
  4762 | D:6      | Bought a potion of heal wounds for 55 gold pieces
  4762 | D:6      | Bought a potion of flight for 33 gold pieces
  4806 | D:6      | Noticed Menkaure
  4816 | D:6      | Killed Menkaure
  4825 | D:6      | Reached skill level 11 in Axes
  4886 | D:6      | Noticed Eustachio
  4900 | D:6      | Killed Eustachio
  4911 | D:6      | Noticed Blork the orc
  4919 | D:6      | Killed Blork the orc
  5102 | D:7      | Found Qegaasiv's Magic Scroll Emporium.
  5364 | D:7      | Found a flagged portal.
  5382 | Bailey   | Entered a bailey
  5490 | Bailey   | Reached skill level 12 in Axes
  5879 | D:7      | Reached skill level 5 in Dodging
  5925 | D:7      | Reached XP level 10. HP: 52/92 MP: 7/7
  6086 | D:8      | Paralysed by a hornet for 2 turns
  6102 | D:8      | Paralysed by a hornet for 2 turns
  6273 | D:8      | Found a burning altar of Makhleb.
  6722 | D:8      | Became a worshipper of Makhleb the Destroyer
  7020 | D:8      | Identified a scroll of acquirement
  7533 | D:9      | Reached skill level 13 in Axes
  7616 | D:10     | Entered Level 10 of the Dungeon
  7641 | D:10     | Reached * piety under Makhleb
  7641 | D:10     | Reached skill level 5 in Armour
  7644 | D:10     | Reached skill level 5 in Shields
  7708 | D:10     | Reached XP level 11. HP: 70/102 MP: 5/5
  7719 | D:10     | Found a staircase to the Lair.
  7730 | D:10     | Found Uryabror's Weapon Shoppe.
  7741 | D:10     | Bought a +1 hand crossbow of flaming for 186 gold pieces
  7879 | D:10     | Noticed a white ugly thing
  7897 | D:10     | Slain by a white ugly thing

Vault maps used:
D:1:      evilmike_arrival_crescent, minivault_25
D:2:      kennysheep_generic_room_2, uniq_natasha, uniq_terence
D:3:      lemuel_coloured_pillars_altar, overflow_temple_1_default,
          nicolae_overflow_hidden_temple, uniq_iyjb, uniq_sigmund
D:4:      serial_shops, shop, kennysheep_little_box, nicolae_shop_stone,
          first_bread, uniq_duvessa
D:5:      nicolae_overflow_crystal_walls, basic_altar
D:6:      old_standard_altar, serial_shops, shop, uniq_blork_the_orc,
          uniq_eustachio, uniq_menkaure
D:7:      serial_shops, shop_statue, enter_bailey_2
D:8:      old_standard_altar
D:10:     minmay_lair_entry_grove, serial_shops, shop_fountains
Temple:   zaba_magenta_temple
Bailey:   bailey_polearm_gnolls_kennysheep, bailey

Skill      XL: |  1  2  3  4  5  6  7  8  9 10 |
---------------+-------------------------------+-----
Fighting       | 3 4 5 6 7 |  7.8
Axes           | 3 4 6 8 10 12 13 | 13.8
Dodging        | 1 2 3 5 |  5.7
Evocations     | 1 3 |  3.6
Armour         | 5 |  5.3
Shields        | 5 |  5.1

Action                   |  1- 3 |  4- 6 |  7- 9 | 10-12 || total
-------------------------+-------+-------+-------+-------++-------
Melee: War axe           |   170 |    96 |   484 |   104 ||   854
       Broad axe         |       |       |       |   167 ||   167
 Abil: Device Recharging |       |       |     5 |     3 ||     8
Evoke: Wand              |     1 |     4 |    24 |    11 ||    40
  Use: Scroll            |     4 |     2 |    18 |     3 ||    27
       Potion            |       |     2 |     5 |     2 ||     9
  Eat: Bread ration      |       |     1 |     2 |       ||     3
       Fruit             |       |       |     5 |     1 ||     6
       Royal jelly       |       |       |     2 |       ||     2
       Beef jerky        |       |       |       |     4 ||     4
       Pizza             |       |       |       |     1 ||     1
Armor: Scale mail        |    84 |    31 |   160 |    95 ||   370
       Skin              |       |       |     8 |       ||     8
Dodge: Dodged            |    60 |    20 |   220 |   111 ||   411
Block: Shield            |    98 |    48 |   310 |   116 ||   572
